 Dungeon Crawl Stone Soup version 0.28.0-45-g0d030f2227 (webtiles) character file.

Game seed: 17545183589097043869

9106 101zpm the Protected (level 11, -1/67 HPs)
             Began as a Gargoyle Fighter on Apr 8, 2022.
             Was a Follower of the Shining One.
             Slain by a wraith (4 damage)
             ... led by Josephine
             ... on level 10 of the Dungeon.
             The game lasted 00:32:43 (14325 turns).

101zpm the Protected (Gargoyle Fighter)            Turns: 14325, Time: 00:32:44

Health: -1/67      AC: 22    Str: 29    XL:     11   Next: 41%
Magic:  11/11      EV: 10    Int: 10    God:    the Shining One [*.....]
Gold:   633        SH:  6    Dex: 15    Spells: 10/10 levels left

rFire   . . .      SeeInvis .   u - +2 mace (venom)
rCold   + . .      Faith    .   c - +0 buckler
rNeg    + . .      Spirit   .   J - +0 chain mail {rC+}
rPois   ∞          Reflect  .   (no helmet)
rElec   +          Harm     .   M - +0 cloak
rCorr   .          Rampage  .   E - +0 pair of gloves
Will    .....                   (no boots)
Stlth   ..........              (no amulet)
HPRegen 0.21/turn               n - +6 ring of dexterity
MPRegen 0.12/turn               D - ring of Life {rPois Str+6}

@: mighty, slowed, glowing, very slow
A: sickness immunity, AC +8, negative energy resistance 1, electricity
resistance, torment resistance 1, petrification resistance
a: Renounce Religion, Divine Shield


You were on level 10 of the Dungeon.
You worshipped the Shining One.
The Shining One was aware of your devotion.
You visited 3 branches of the dungeon, and saw 12 of its levels.

You collected 633 gold pieces.

Inventory:

Hand Weapons
 a - a +0 flail
 i - a +0 dagger of protection
 l - the +7 dagger of Losyhom {drain, Will+}
   (You found it on level 2 of the Dungeon)

   A truly terrible weapon, it drains the life of any living foe it strikes.
   Will:      It increases your willpower.
   The Shining One disapproves of the use of such an item.
 o - a +0 hunting sling
 s - a +2 whip of electrocution
 u - a +2 mace of venom (weapon)
Missiles
 j - 3 boomerangs (quivered)
 v - 16 poisoned darts
 I - a curare-tipped dart
Armour
 c - a +0 buckler (worn)
 E - a +0 pair of gloves (worn)
 F - a +0 ring mail of fire resistance
 J - a +0 chain mail of cold resistance (worn)
 K - +0 steam dragon scales
 M - a +0 cloak (worn)
Jewellery
 n - a +6 ring of dexterity (left hand)
 r - a +6 ring of intelligence
 D - the ring of Life (right hand) {rPois Str+6}
   (You found it on level 6 of the Dungeon)

   [ring of strength]

   Str:       It affects your strength (+6).
   rPois:     It protects you from poison.
 N - a +4 ring of protection
Wands
 q - a wand of polymorph (10)
 w - a wand of flame (24)
 x - a wand of iceblast (6)
Scrolls
 g - a scroll of magic mapping
 h - 2 scrolls of amnesia
 y - 3 scrolls of fear
 B - 2 scrolls of noise {unknown}
 G - 2 scrolls of teleportation {unknown}
 H - a scroll of enchant armour {unknown}
 L - 2 scrolls of identify
Potions
 b - a potion of brilliance {unknown}
 d - a potion of might
 e - a potion of attraction {unknown}
 f - 2 potions of flight {unknown}
 k - 2 potions of lignification {unknown}
 m - 2 potions of curing
 p - a potion of cancellation {unknown}
 t - 3 potions of degeneration {unknown}
 z - a potion of invisibility
 A - 2 potions of mutation {unknown}
 C - a potion of heal wounds {unknown}


   Skills:
 + Level 7.2 Fighting
 + Level 8.0 Short Blades
 * Level 7.8 Maces & Flails
 + Level 2.8 Throwing
 + Level 9.6 Armour
 + Level 4.0 Dodging
 + Level 2.5 Stealth
 + Level 7.0 Shields


You had 10 spell levels left.
You didn't know any spells.
Your spell library contained the following spells:

 Spells                   Type           Power      Damage    Failure   Level
 Frozen Ramparts          Ice            0%         1d2       99%         3
 Gell's Gravitas          Tloc           0%         N/A       99%         3
 Ignite Poison            Fire/Tmut/Pois 0%         N/A       99%         3
 Lesser Beckoning         Tloc           0%         N/A       99%         3
 Mephitic Cloud           Conj/Pois/Air  0%         N/A       99%         3
 Ozocubu's Armour         Ice            0%         N/A       99%         3
 Teleport Other           Tloc           0%         N/A       99%         3
 Ice Form                 Ice/Tmut       0%         N/A       100%        4
 Summon Ice Beast         Ice/Summ       0%         N/A       100%        4
 Freezing Cloud           Conj/Ice/Air   0%         6-21      100%        5
 Ozocubu's Refrigeration  Ice            0%         4d5       100%        7


Dungeon Overview and Level Annotations

Branches:
Dungeon (10/15)            Temple (1/1) D:6            Lair (1/6) D:8
    Orc (0/2) D:9

Altars:
Ashenzari
Cheibriados
Dithmenos
Elyvilon
Fedhas
Gozag
Hepliaklqana
Kikubaaqudgha
Makhleb
Nemelex Xobeh
Okawaru
Qazlal
Ru
Sif Muna
Trog
Uskayaw
Vehumet
Wu Jian
Xom
Yredelemnul
Zin
The Shining One

Annotations:
D:9 2 transporters, CryoSword's ghost, journeyman TrFi


Innate Abilities, Weirdness & Mutations

You are immune to sickness and miasma.
Your stone body is resilient. (AC +8)
You are immune to poison.
You resist negative energy. (rN+)
You are resistant to electric shocks. (rElec)
You are resistant to unholy torment.
You are immune to petrification.


Message History

You hit the wraith but do no damage.
The wraith is lightly damaged.
The wraith closely misses you. The wraith hits you but does no damage.
The wraith barely misses you.
You hit the wraith.
The wraith is lightly damaged.
The wraith hits you.
* * * LOW HITPOINT WARNING * * *
You block the wraith's attack. The wraith hits you but does no damage.
You hit the wraith.
The wraith is moderately damaged.
The wraith hits you but does no damage. x2; You block the wraith's attack.
The wraith hits you but does no damage.
You hit the wraith but do no damage.
The wraith is moderately damaged.
The wraith hits you.
* * * LOW HITPOINT WARNING * * *
The wraith drains your vigour!
You feel as though you will be slow longer.
The wraith barely misses you. The wraith closely misses you.
You feel very mighty all of a sudden. The wraith hits you!
* * * LOW HITPOINT WARNING * * *
The wraith drains your vigour!
You feel as though you will be slow longer.
The wraith barely misses you. The wraith hits you but does no damage.
You sock the wraith!
The wraith is heavily damaged.
The wraith hits you.
* * * LOW HITPOINT WARNING * * *
The wraith drains your vigour!
You feel as though you will be slow longer.
The wraith hits you but does no damage. x2
You can't see any enemies this would affect, really read the scroll of fear?
Okay, then.
The wraith hits you but does no damage. x2
The wraith hits you but does no damage. The wraith misses you.
The wraith hits you.
You die...

..# #....##..†##....#
..###.....#.........#
.....(...#...#......#
.........##.##......##
..#......##.##.......#
..#......#..##.......# ###
.####.......##.###...# ..##
..###.......#.......###...#
..#.##..........@..###....#
.....##.........WW.....).#
..#..# ................#
.###...# .............####
## ..## .#.#.........# #
...# # ##......)...# ..
..... ##.........# ..
...... #...........# #
....... ............##


You could see 2 wraiths.

Vanquished Creatures
  Josephine (D:10)
  Pikel (D:4)
  Maggie (D:8)
  2 komodo dragons
  A troll (D:5)
  5 slime creatures
  8 yaks
  A wraith (D:10)
  A vampire (D:8)
  3 wyverns
  A basilisk (D:7)
  A steam dragon (D:10)
  Edmund (D:4)
  A water moccasin (D:7)
  6 orc warriors
  A hornet zombie (D:9)
  An ogre (D:6)
  2 sky beasts (D:8)
  2 black bears
  A wolf (D:8)
  A necrophage (D:6)
  A centaur (D:9)
  2 kobold brigands (D:7)
  Blork the orc (D:6)
  A bullfrog (D:7)
  A gnoll sergeant (D:8)
  2 scorpions
  A wyvern skeleton (D:7)
  2 water moccasin zombies (D:5)
  A water moccasin skeleton (D:5)
  A howler monkey (D:7)
  4 centaur zombies
  2 bullfrog zombies (D:6)
  2 bullfrog skeletons
  3 gnoll shamans
  A jelly (D:5)
  2 orc priests (D:5)
  4 hounds
  Jessica (D:3)
  Ijyb (D:3)
  2 iguanas
  11 orc wizards
  A killer bee zombie (D:7)
  2 howler monkey zombies (D:9)
  23 gnolls
  2 howler monkey skeletons
  8 adders
  A shadow imp (D:5)
  A white imp (D:5)
  An ufetubus (D:5)
  A worm (D:5)
  3 dart slugs
  41 orcs
  5 endoplasms
  12 hobgoblins
  13 jackals
  14 kobolds
  8 quokkas
  6 ball pythons
  4 bats
  5 frilled lizards
  9 goblins
  7 rats
255 creatures vanquished.

Vanquished Creatures (others)
  2 fungi
  2 plants
  3 withered plants (D:7)
7 creatures vanquished.

Grand Total: 262 creatures vanquished

Notes
Turn   | Place    | Note
-------+----------+-------------------------------------------
     0 | D:1      | 101zpm the Gargoyle Fighter began the quest for the Orb.
     0 | D:1      | Reached XP level 1. HP: 14/14 MP: 1/1
   305 | D:1      | Reached XP level 2. HP: 15/19 MP: 2/2
   631 | D:1      | Reached XP level 3. HP: 12/24 MP: 3/3
  1728 | D:2      | Identified the +7 dagger of Losyhom {drain, Will+}
  1840 | D:2      | Found a faded altar of an unknown god.
  2145 | D:2      | Reached XP level 4. HP: 29/29 MP: 4/4
  2299 | D:2      | Reached skill level 1 in Short Blades
  2659 | D:3      | Noticed Jessica
  2743 | D:3      | Reached XP level 5. HP: 33/33 MP: 5/5
  2754 | D:3      | Killed Jessica
  2755 | D:3      | Reached skill level 4 in Armour
  2755 | D:3      | Reached skill level 1 in Dodging
  3013 | D:3      | Noticed Ijyb
  3026 | D:3      | Killed Ijyb
  3296 | D:4      | Noticed a lemure
  3297 | D:4      | Noticed a lemure
  3298 | D:4      | Noticed a lemure
  3301 | D:4      | Noticed Pikel
  3301 | D:4      | Noticed a lemure
  3317 | D:4      | Killed Pikel
  3318 | D:4      | Reached skill level 5 in Armour
  3318 | D:4      | Reached skill level 5 in Shields
  3318 | D:4      | Reached XP level 6. HP: 20/39 MP: 6/6
  3318 | D:4      | Reached XP level 7. HP: 22/44 MP: 7/7
  3587 | D:5      | Entered Level 5 of the Dungeon
  4002 | D:5      | Reached XP level 8. HP: 47/48 MP: 8/8
  4155 | D:5      | Reached skill level 1 in Stealth
  4362 | D:5      | Noticed a troll
  4375 | D:5      | Killed a troll
  4376 | D:5      | Reached skill level 6 in Armour
  5146 | D:4      | Reached skill level 5 in Fighting
  5146 | D:4      | Reached skill level 5 in Short Blades
  5198 | D:4      | Noticed Edmund
  5215 | D:4      | Killed Edmund
  5427 | D:4      | Reached XP level 9. HP: 53/54 MP: 9/9
  6037 | D:6      | Reached skill level 7 in Armour
  6179 | D:6      | Noticed Blork the orc
  6192 | D:6      | Killed Blork the orc
  6343 | D:6      | Identified the ring of Life {rPois Str+6}
  6428 | D:6      | Found a staircase to the Ecumenical Temple.
  6476 | Temple   | Entered the Ecumenical Temple
  7420 | D:6      | Reached skill level 5 in Maces & Flails
  7448 | D:6      | Reached skill level 1 in Throwing
  7448 | D:6      | Reached skill level 8 in Armour
  8039 | D:6      | Reached XP level 10. HP: 48/60 MP: 10/10
  8230 | D:7      | Found an ancient bone altar of Kikubaaqudgha.
 10061 | D:8      | Found a staircase to the Lair.
 10398 | D:8      | Noticed Maggie
 11317 | D:9      | Reached skill level 9 in Armour
 11346 | Lair:1   | Entered Level 1 of the Lair of Beasts
 11923 | Lair:1   | Noticed a cane toad
 11952 | D:8      | Reached XP level 11. HP: 35/66 MP: 11/11
 12260 | D:9      | Found a transporter.
 12260 | D:9      | Noticed a deep troll
 12270 | D:9      | Noticed a two-headed ogre
 12270 | D:9      | Noticed CryoSword's ghost (journeyman TrFi)
 12329 | D:9      | Found a transporter.
 12332 | D:9      | Found a bloodstained altar of Trog.
 12353 | D:9      | Found a glowing golden altar of the Shining One.
 12448 | D:9      | Found a staircase to the Orcish Mines.
 12603 | D:8      | Killed Maggie
 13164 | D:9      | Noticed a moth of wrath
 13181 | D:9      | Became a worshipper of the Shining One
 13499 | D:9      | Found a snail-covered altar of Cheibriados.
 13980 | D:10     | Entered Level 10 of the Dungeon
 14291 | D:10     | Noticed Josephine
 14309 | D:10     | Killed Josephine
 14309 | D:10     | Reached * piety under the Shining One
 14321 | D:10     | HP: 2/67 [wraith[Josephine] (3)]
 14325 | D:10     | Slain by a wraith

Illustrated notes

Levels and vault maps discovered:
D:1:      lemuel_arrival_muddy, layout_loops_ring, st_stairs_7
D:2:      layout_loops_cross, ebering_ecumenical_altar_webs
D:3:      layout_basic, dk_noncrumbling_4, uniq_ijyb, uniq_jessica
D:4:      layout_basic, serial_park_tiny_2, uniq_edmund, uniq_pikel
D:5:      layout_rooms, hangedman_decor_peaks_small, grunt_decor_fettered,
          kennysheep_dice
D:6:      layout_layer_cave, temple_green, uniq_blork_the_orc,
          uniq_crazy_yiuf_cottage
D:7:      layout_loops_cross, kiku_gazebo_garden_becter, grunt_potential
D:8:      layout_basic, david_lair_generic, lightli_corner_chamber, uniq_maggie
D:9:      layout_irregular_city, cheibriados_altar_1,
          nicolae_tso_swordbearing_angel, david_orc_2,
          gammafunk_ghost_wrathful_warriors, lightli_orcish_oven
D:10:     layout_cave_pools, the_hattery, uniq_grum, uniq_josephine
Temple:   mainiacjoe_temple_bowtie_tessellation
Lair:1:   layout_roguey, nicolae_lair_grove_arrangements

Skill      XL: |  1  2  3  4  5  6  7  8  9 10 11 |
---------------+----------------------------------+-----
Shields        | 4 5 6 7 |  7.0
Short Blades   | 1 3 4 5 6 7 8 |  8.0
Armour         | 5 6 8 9 |  9.6
Dodging        | 2 3 4 |  4.0
Fighting       | 4 5 6 7 |  7.2
Maces & Flails | 4 5 6 7 |  7.8
Stealth        | 1 2 |  2.5
Throwing       | 1 2 |  2.8

Action                   |  1- 3 |  4- 6 |  7- 9 | 10-12 || total
-------------------------+-------+-------+-------+-------++-------
Melee: Flail             |   118 |       |       |       ||   118
       Dagger            |    50 |   101 |   371 |   382 ||   904
       Mace              |       |       |       |   138 ||   138
Throw: Boomerang         |       |       |    15 |    54 ||    69
  Use: Scroll            |       |       |     4 |     1 ||     5
       Potion            |       |       |       |     1 ||     1
Armor: Scale mail        |    89 |    41 |   137 |       ||   267
       Skin              |       |    11 |       |       ||    11
       Ring mail         |       |       |     9 |    49 ||    58
       Chain mail        |       |       |       |   246 ||   246
Dodge: Dodged            |    95 |    37 |   166 |   205 ||   503
Block: Buckler           |    31 |    24 |    70 |   112 ||   237
